[Event "ICC tourney 2357 (30 5)"]
[Site "Internet Chess Club"]
[Date "2021.01.30"]
[Round "4"]
[White "HydeCruz"]
[Black "rohanagarwal"]
[Result "1-0"]
[ICCResult "Black checkmated"]
[WhiteElo "648"]
[BlackElo "100"]
[Opening "Alekhine's defense"]
[ECO "B02"]
[NIC "AL.10"]
[Time "16:08:32"]
[PlyCount "97"]
[TimeControl "1800+5"]

1. e4 Nf6 2. Nc3 Nc6 3. d4 d6 4. d5 e6 5. dxc6 bxc6 6. Nf3 Be7 7. Bc4 d5 8.
exd5 exd5 9. Bb3 O-O 10. O-O Bc5 11. Bg5 Rb8 12. Re1 d4 13. Ne2 d3 14. Qxd3
Re8 15. Qxd8 Rxd8 16. Bxf6 gxf6 17. Ng3 Kf8 18. Re4 f5 19. Ree1 f4 20. Ne2
Bf5 21. Nxf4 Bxc2 22. Bxc2 Rxb2 23. Bxh7 Bd6 24. Rad1 Rc8 25. g3 Rxa2 26.
Be4 Rb8 27. Bxc6 Rbb2 28. Re8+ Kg7 29. Rf1 Bb4 30. Bd5 Ra3 31. Kg2 c6 32.
Bxc6 a5 33. Ra8 Raa2 34. Nd3 Rb3 35. Bd5 Rba3 36. Bxa2 Rxa2 37. Nxb4 axb4
38. Rxa2 b3 39. Rb2 Kf6 40. Rxb3 Ke6 41. Re1+ Kd5 42. Rb4 Kc5 43. Rh4 Kd5
44. Re5+ Kd6 45. Rh6+ Kd7 46. Ra5 Kc7 47. Ra7+ Kb8 48. Rxf7 Kc8 49. Rh8# {
Black checkmated } 1-0

[Event "ICC tourney 2357 (30 5)"]
[Site "Internet Chess Club"]
[Date "2021.01.30"]
[Round "4"]
[White "TinoPps281"]
[Black "SeverusSnape18"]
[Result "1-0"]
[ICCResult "Black checkmated"]
[WhiteElo "744"]
[BlackElo "570"]
[Opening "Four knights: Spanish, classical defense"]
[ECO "C48"]
[NIC "KP.03"]
[Time "16:09:07"]
[PlyCount "101"]
[TimeControl "1800+5"]

1. e4 e5 2. Nf3 Nc6 3. Nc3 Nf6 4. Bb5 Bc5 5. Bxc6 dxc6 6. Nxe5 Qd4 7. O-O
Qxe5 8. d4 Bxd4 9. Ne2 Bc5 10. Nf4 Bd6 11. Re1 O-O 12. Re3 Qxf4 13. e5 Bxe5
14. Rh3 Bxh3 15. Bxf4 Bxf4 16. Qf3 Bd6 17. Qxh3 Rfe8 18. g3 Re7 19. Kg2 Re2
20. Qf5 h6 21. c4 Rxb2 22. c5 Be7 23. h3 b6 24. Qe5 Rc2 25. Qxe7 Rxc5 26.
Qxc7 Rc2 27. a4 Ne4 28. Rf1 c5 29. Qc6 Nf6 30. Qxa8+ Kh7 31. Qc8 c4 32.
Qf5+ g6 33. Qxc2 h5 34. Qxc4 Nd7 35. Qa6 Nc5 36. Qxa7 Ne4 37. Qxf7+ Kh6 38.
Qf4+ Ng5 39. h4 Kg7 40. hxg5 Kg8 41. Qb8+ Kg7 42. Qxb6 Kg8 43. Qxg6+ Kf8
44. Qxh5 Ke7 45. Re1+ Kd6 46. Qg6+ Kd5 47. Qd3+ Kc5 48. Rc1+ Kb6 49. Qb3+
Ka7 50. Rc7+ Ka6 51. Qb5# { Black checkmated } 1-0

[Event "ICC tourney 2357 (30 5)"]
[Site "Internet Chess Club"]
[Date "2021.01.30"]
[Round "4"]
[White "Grahamserickson"]
[Black "ivanachan"]
[Result "1-0"]
[ICCResult "Black checkmated"]
[WhiteElo "555"]
[BlackElo "765"]
[Opening "Four knights: Spanish variation"]
[ECO "C48"]
[NIC "KP.03"]
[Time "16:09:07"]
[PlyCount "91"]
[TimeControl "1800+5"]

1. e4 e5 2. Nf3 Nc6 3. Bb5 Nf6 4. Nc3 Qe7 5. d3 Qe6 6. Bg5 h6 7. Bh4 g5 8.
Bg3 Bc5 9. O-O d6 10. Re1 Bd7 11. Bc4 Qe7 12. h3 O-O-O 13. Na4 Na5 14. Nxc5
dxc5 15. Nxe5 h5 16. Nxf7 h4 17. Bh2 Rdf8 18. Nxh8 Rxh8 19. e5 Nh5 20. e6
Be8 21. Be5 Nf6 22. Bxf6 Qxf6 23. Qd2 Rf8 24. Rf1 Qxb2 25. Qxa5 a6 26. Qxc5
Rg8 27. e7 Rh8 28. Bf7 Bxf7 29. Qf5+ Kb8 30. Qxf7 Qb5 31. Rae1 Re8 32. Re6
Kc8 33. Rg6 Kd7 34. Re1 Kc8 35. Rg8 Kd7 36. Qxe8+ Kd6 37. Qxb5 c6 38. Qb4+
c5 39. Qb6+ Kd5 40. c4+ Kd4 41. Qd6+ Kc3 42. Rc1+ Kb4 43. Qb6+ Ka4 44. a3
Kxa3 45. Rb1 Ka2 46. Qb2# { Black checkmated } 1-0

[Event "ICC tourney 2357 (30 5)"]
[Site "Internet Chess Club"]
[Date "2021.01.30"]
[Round "4"]
[White "Tezzy1028"]
[Black "m2021chessusa"]
[Result "0-1"]
[ICCResult "White checkmated"]
[WhiteElo "540"]
[BlackElo "722"]
[Opening "French defense"]
[ECO "C00"]
[NIC "FR.01"]
[Time "16:08:28"]
[PlyCount "104"]
[TimeControl "1800+5"]

1. e4 e6 2. Nf3 d5 3. e5 c5 4. Nc3 Nc6 5. Bb5 Bd7 6. d3 Qb6 7. Bg5 h6 8.
Bh4 f6 9. exf6 Nxf6 10. O-O d4 11. Ne2 Qxb5 12. c4 Qa5 13. b3 O-O-O 14. Nf4
g5 15. Bg3 gxf4 16. Bxf4 Rg8 17. Qe2 Re8 18. a4 Qc3 19. Ra3 Nb4 20. Rc1 Na2
21. Rxa2 Qxb3 22. Rb1 Qc3 23. Bd2 Ne4 24. Bxc3 Nxc3 25. Qb2 Nxb1 26. Qxb1
Bc6 27. Ne5 Rxg2+ 28. Kf1 Rxh2 29. Nxc6 Rh1+ 30. Kg2 Rxb1 31. Ne5 Bg7 32.
Nf7 Rf8 33. Nd6+ Kc7 34. Ne4 h5 35. Nxc5 e5 36. Ne6+ Kd7 37. Nxf8+ Bxf8 38.
c5 h4 39. f3 Bxc5 40. Kh3 Be7 41. Rg2 Rb3 42. Rd2 Ra3 43. Re2 Rxd3 44. Rxe5
Rxf3+ 45. Kh2 d3 46. Re4 d2 47. Rd4+ Ke6 48. Rxd2 h3 49. Re2+ Kd6 50. Rd2+
Kc5 51. Re2 Bd6+ 52. Kh1 Rf1# { White checkmated } 0-1

[Event "ICC tourney 2357 (30 5)"]
[Site "Internet Chess Club"]
[Date "2021.01.30"]
[Round "4"]
[White "SABX4GOAT"]
[Black "Lucasthegreat12"]
[Result "0-1"]
[ICCResult "White forfeits on time"]
[WhiteElo "725"]
[BlackElo "678"]
[Opening "Robatsch (modern) defense"]
[ECO "B06"]
[NIC "KF.06"]
[Time "16:09:08"]
[PlyCount "24"]
[TimeControl "1800+5"]

1. e4 g6 2. Nf3 d6 3. Bb5+ Nd7 4. Bxd7+ Qxd7 5. O-O e6 6. Nc3 Bg7 7. d3 b6
8. Bf4 Nf6 9. Bg5 h6 10. Bxf6 Bxf6 11. Qd2 g5 12. d4 O-O { White forfeits
on time } 0-1

[Event "ICC tourney 2357 (30 5)"]
[Site "Internet Chess Club"]
[Date "2021.01.30"]
[Round "4"]
[White "RPC2020"]
[Black "DeUnderStore"]
[Result "0-1"]
[ICCResult "White checkmated"]
[WhiteElo "563"]
[BlackElo "761"]
[Opening "Sicilian defense"]
[ECO "B20"]
[NIC "SI.48"]
[Time "16:08:53"]
[PlyCount "96"]
[TimeControl "1800+5"]

1. e4 c5 2. Bc4 d6 3. Nf3 Bg4 4. h3 Bxf3 5. Qxf3 e6 6. d3 a6 7. Be3 Be7 8.
Qg3 Nf6 9. Qxg7 Kd7 10. Qxf7 Rf8 11. Qxe6+ Ke8 12. O-O Nc6 13. Bg5 Nd4 14.
Bb5+ axb5 15. Bxf6 Nxe6 16. Bxe7 Qxe7 17. Nc3 b4 18. Nb5 Nf4 19. a3 Qg7 20.
g3 Ne2+ 21. Kg2 Ke7 22. Rae1 Nd4 23. Nc7 Rac8 24. Nd5+ Ke6 25. Nb6 Rc6 26.
c3 bxc3 27. bxc3 Nb3 28. Na4 Nd2 29. Rg1 Qf7 30. f4 c4 31. d4 Ra6 32. d5+
Ke7 33. Rd1 Nxe4 34. Rde1 Qf5 35. Re2 Rxa4 36. Rge1 Kf6 37. Rxe4 Qxd5 38.
Kg1 Rxa3 39. Rd4 Qc6 40. Rde4 Ra2 41. Re6+ Kf7 42. Re7+ Kg8 43. R7e2 Rxe2
44. Rxe2 Ra8 45. Re1 Ra2 46. Re4 Qxe4 47. Kf1 Qe2+ 48. Kg1 Qg2# { White
checkmated } 0-1

[Event "ICC tourney 2357 (30 5)"]
[Site "Internet Chess Club"]
[Date "2021.01.30"]
[Round "4"]
[White "BirchDavidM"]
[Black "EleanorH"]
[Result "0-1"]
[ICCResult "White checkmated"]
[WhiteElo "780"]
[BlackElo "743"]
[Opening "Mieses opening"]
[ECO "A00"]
[NIC "VO.13"]
[Time "16:09:07"]
[PlyCount "94"]
[TimeControl "1800+5"]

1. d3 d5 2. Bf4 Nc6 3. Nf3 Nf6 4. d4 Bf5 5. e3 a6 6. Nbd2 e6 7. c4 Bb4 8.
a3 Be7 9. Qb3 Rb8 10. a4 O-O 11. Qa2 a5 12. cxd5 Nb4 13. Qb3 Nc2+ 14. Kd1
Nxa1 15. Qa2 Nc2 16. dxe6 Bxe6 17. Bc4 Nb4 18. Qb3 Bxc4 19. Qxc4 Bd6 20.
Bg3 Bxg3 21. hxg3 h6 22. Qc1 b6 23. Qa1 Nd3 24. Ke2 Nb4 25. Qb1 Qc8 26. e4
Qa6+ 27. Kd1 Qd3 28. Qxd3 Nxd3 29. Kc2 Nxf2 30. Rf1 N2xe4 31. Nxe4 Nxe4 32.
Ne5 Nxg3 33. Rf3 Ne2 34. Kd3 Nc1+ 35. Ke4 Rbe8 36. d5 f6 37. Rf5 Re7 38.
Kd4 fxe5+ 39. Ke4 Rxf5 40. Kxf5 e4 41. Kf4 e3 42. Kf3 e2 43. Kf2 e1=Q+ 44.
Kf3 Qe3+ 45. Kg4 Re4+ 46. Kf5 Qf4+ 47. Kg6 Qg5# { White checkmated } 0-1

[Event "ICC tourney 2357 (30 5)"]
[Site "Internet Chess Club"]
[Date "2021.01.30"]
[Round "4"]
[White "SAMYMSEden"]
[Black "SAVictoriaA"]
[Result "1-0"]
[ICCResult "Black checkmated"]
[WhiteElo "843"]
[BlackElo "455"]
[Opening "Ruy Lopez: Berlin defense"]
[ECO "C65"]
[NIC "RL.07"]
[Time "16:27:33"]
[PlyCount "103"]
[TimeControl "1800+5"]

1. e4 e5 2. Nf3 Nc6 3. Bb5 Nf6 4. Bxc6 bxc6 5. c3 d5 6. exd5 cxd5 7. c4
dxc4 8. d3 cxd3 9. Qb3 Bc5 10. Nxe5 O-O 11. Nxd3 Qe8+ 12. Be3 Qc6 13. Bxc5
Ng4 14. Bxf8 Kxf8 15. Nb4 Qf6 16. O-O Qh4 17. h3 Qf6 18. Qc4 Qe5 19. g3 Qe6
20. Qc5+ Kg8 21. Qxc7 h5 22. Re1 Qxe1+ 23. Kg2 Qxb4 24. Qd8+ Kh7 25. hxg4
hxg4 26. Qh4+ Kg6 27. Nc3 Bb7+ 28. Kf1 Qc4+ 29. Ke1 Qe6+ 30. Kd1 Qd6+ 31.
Kc2 Qb6 32. Qxg4+ Kf6 33. Qf4+ Ke6 34. Re1+ Kd7 35. Qxf7+ Kc6 36. Re6+ Kc5
37. Rxb6 axb6 38. Na4+ Rxa4 39. Qe7+ Kb5 40. Qd7+ Kc4 41. Qxa4+ Kc5 42. f4
Be4+ 43. Qxe4 b5 44. b4+ Kb6 45. g4 Ka6 46. f5 g5 47. f6 Kb6 48. f7 Kc7 49.
f8=Q Kd7 50. Qee7+ Kc6 51. Qff6+ Kd5 52. Qee6# { Black checkmated } 1-0

[Event "ICC tourney 2357 (30 5)"]
[Site "Internet Chess Club"]
[Date "2021.01.30"]
[Round "4"]
[White "jakemakecake"]
[Black "YuriQ300"]
[Result "1-0"]
[ICCResult "Black checkmated"]
[WhiteElo "525"]
[BlackElo "892"]
[Opening "Scotch opening"]
[ECO "C44"]
[NIC "KP.10"]
[Time "16:09:08"]
[PlyCount "175"]
[TimeControl "1800+5"]

1. e4 e5 2. Nf3 Nc6 3. d4 d6 4. dxe5 dxe5 5. Bb5 Qxd1+ 6. Kxd1 Bg4 7. h3
Bxf3+ 8. gxf3 O-O-O+ 9. Bd2 a6 10. Bc4 Bc5 11. Ke1 Bd4 12. c3 Bc5 13. Rg1
g6 14. Bxf7 Nge7 15. Bg5 Rhf8 16. Be6+ Kb8 17. Bd5 Rxf3 18. Rf1 Rxh3 19.
Bxc6 bxc6 20. b4 Bd6 21. Nd2 Rxc3 22. a3 Rf8 23. f4 exf4 24. Kd1 f3 25. e5
Bxe5 26. Bxe7 Rf7 27. Bg5 Bd4 28. Rc1 Rxa3 29. Rxc6 Ra1+ 30. Kc2 Rxf1 31.
Nxf1 f2 32. Kd3 Bb6 33. Kc4 Rd7 34. Rf6 Rd1 35. Rf8+ Kb7 36. Nh2 c6 37. Bh4
Rd2 38. Kc3 Ra2 39. Kd3 c5 40. Bxf2 cxb4 41. Rf7+ Kc6 42. Rf6+ Kc7 43.
Bxb6+ Kb7 44. Bg1 b3 45. Rf4 b2 46. Kc2 h6 47. Rb4+ Kc6 48. Bd4 g5 49. Bxb2
h5 50. Nf3 g4 51. Nh4 g3 52. Rb3 Ra5 53. Rxg3 Rc5+ 54. Kd2 Rd5+ 55. Ke2
Re5+ 56. Bxe5 a5 57. Rc3+ Kb6 58. Kd3 a4 59. Kd4 Ka5 60. Rc4 a3 61. Kc5 a2
62. Bc7+ Ka6 63. Ra4+ Kb7 64. Be5 a1=Q 65. Rxa1 Kc8 66. Kc6 Kd8 67. Ra8+
Ke7 68. Ra5 Ke6 69. Bc3 Kf7 70. Rd5 Ke6 71. Kc5 Ke7 72. Rd6 Kf7 73. Kd5 Ke7
74. Nf5+ Kf7 75. Re6 h4 76. Nxh4 Kf8 77. Bb4+ Kg7 78. Nf5+ Kf7 79. Ke5 Kg8
80. Kf6 Kh7 81. Re7+ Kg8 82. Rg7+ Kh8 83. Rd7 Kg8 84. Nh6+ Kh8 85. Kf7 Kh7
86. Kf6+ Kxh6 87. Kf5 Kh5 88. Rh7# { Black checkmated } 1-0

[Event "ICC tourney 2357 (30 5)"]
[Site "Internet Chess Club"]
[Date "2021.01.30"]
[Round "5"]
[White "stanikbenes"]
[Black "DeDeBoy"]
[Result "1-0"]
[ICCResult "Black checkmated"]
[WhiteElo "472"]
[BlackElo "726"]
[Opening "Four knights: Scotch, 4...exd4"]
[ECO "C47"]
[NIC "KP.06"]
[Time "18:03:39"]
[PlyCount "25"]
[TimeControl "1800+5"]

1. e4 e5 2. Nf3 Nc6 3. Nc3 Nf6 4. d4 exd4 5. Nxd4 Nxd4 6. Qxd4 g6 7. Bg5
Bg7 8. O-O-O d6 9. e5 Nh5 10. Bxd8 Kxd8 11. exd6 cxd6 12. Qxd6+ Bd7 13.
Qxd7# { Black checkmated } 1-0

[Event "ICC tourney 2357 (30 5)"]
[Site "Internet Chess Club"]
[Date "2021.01.30"]
[Round "5"]
[White "LionsMilesL"]
[Black "SAJohn"]
[Result "0-1"]
[ICCResult "White checkmated"]
[WhiteElo "334"]
[BlackElo "786"]
[Opening "QGA, 4.e3"]
[ECO "D25"]
[NIC "QG.08"]
[Time "18:03:47"]
[PlyCount "86"]
[TimeControl "1800+5"]

1. d4 d5 2. c4 dxc4 3. Nf3 Nf6 4. e3 Nc6 5. Bxc4 e6 6. Nc3 Bd7 7. Bd2 Na5
8. Bb5 Bxb5 9. Nxb5 Nc6 10. O-O Bd6 11. Nxd6+ cxd6 12. Rc1 Qb6 13. b3 O-O
14. Qe1 Rac8 15. e4 Nxd4 16. Rxc8 Rxc8 17. Nxd4 Qxd4 18. Be3 Qxe4 19. f3
Qc6 20. Bxa7 b6 21. Qc1 Qxc1 22. Bxb6 Qxf1+ 23. Kxf1 Ra8 24. a4 Nd5 25. Bd4
Kf8 26. h4 e5 27. Bf2 Rb8 28. g4 Rxb3 29. h5 Ra3 30. g5 Rxa4 31. h6 gxh6
32. gxh6 Nf4 33. Be3 Ra3 34. Bxf4 exf4 35. Kf2 Ke7 36. Ke2 Kf6 37. Kd2 Rxf3
38. Kc2 Rg3 39. Kb2 f3 40. Kc2 f2 41. Kd2 f1=Q 42. Kc2 Qf2+ 43. Kc1 Rg1# {
White checkmated } 0-1

[Event "ICC tourney 2357 (30 5)"]
[Site "Internet Chess Club"]
[Date "2021.01.30"]
[Round "5"]
[White "AT2021"]
[Black "lievicc"]
[Result "1-0"]
[ICCResult "Black checkmated"]
[WhiteElo "225"]
[BlackElo "835"]
[Opening "Four knights: Spanish, classical defense"]
[ECO "C48"]
[NIC "KP.03"]
[Time "18:03:48"]
[PlyCount "27"]
[TimeControl "1800+5"]

1. e4 e5 2. Nf3 Nc6 3. Nc3 Nf6 4. Bb5 Bc5 5. d3 d6 6. Bg5 O-O 7. Nd5 Be6 8.
Nxf6+ gxf6 9. Bh4 Bg4 10. h3 Be6 11. Qd2 Kh8 12. Qh6 Rg8 13. Bxf6+ Rg7 14.
Qxg7# { Black checkmated } 1-0

[Event "ICC tourney 2357 (30 5)"]
[Site "Internet Chess Club"]
[Date "2021.01.30"]
[Round "5"]
[White "FierceLeopard"]
[Black "keshavdesh"]
[Result "1-0"]
[ICCResult "Black checkmated"]
[WhiteElo "715"]
[BlackElo "269"]
[Opening "Three knights game"]
[ECO "C46"]
[NIC "KP.06"]
[Time "18:03:42"]
[PlyCount "35"]
[TimeControl "1800+5"]

1. e4 e5 2. Nf3 Nc6 3. Nc3 Bb4 4. Bc4 d6 5. O-O Bg4 6. d3 Nf6 7. Bg5 O-O 8.
Nd5 h6 9. Bh4 Qd7 10. Bxf6 gxf6 11. Nxf6+ Kh8 12. Nxd7 Bxd7 13. Qe2 Rg8 14.
Nh4 Nd4 15. Qh5 Rg7 16. Bxf7 Rf8 17. Qxh6+ Rh7 18. Qxf8# { Black checkmated
} 1-0

[Event "ICC tourney 2357 (30 5)"]
[Site "Internet Chess Club"]
[Date "2021.01.30"]
[Round "5"]
[White "OneAprilQueen"]
[Black "Deanshalaby"]
[Result "1-0"]
[ICCResult "Black resigns"]
[WhiteElo "592"]
[BlackElo "530"]
[Opening "Scandinavian (center counter) defense"]
[ECO "B01"]
[NIC "SD.02"]
[Time "18:03:55"]
[PlyCount "43"]
[TimeControl "1800+5"]

1. e4 d5 2. exd5 Qxd5 3. Nc3 Qd8 4. Nf3 Bg4 5. d4 Nc6 6. Bb5 f6 7. Bf4 e5
8. Bxc6+ bxc6 9. dxe5 fxe5 10. Qxd8+ Rxd8 11. Nxe5 Bh5 12. O-O Nh6 13. Rfe1
Be7 14. Nxc6 Rc8 15. Rxe7+ Kf8 16. Ree1 Re8 17. Rxe8+ Kxe8 18. Re1+ Kf8 19.
Bxc7 Ng4 20. Rd1 Ne5 21. Rd8+ Kf7 22. Rxh8 { Black resigns } 1-0

[Event "ICC tourney 2357 (30 5)"]
[Site "Internet Chess Club"]
[Date "2021.01.30"]
[Round "5"]
[White "aashish1212"]
[Black "RYCSKarely2010"]
[Result "1-0"]
[ICCResult "Black checkmated"]
[WhiteElo "554"]
[BlackElo "713"]
[Opening "Sicilian defense"]
[ECO "B30"]
[NIC "SI.31"]
[Time "18:03:39"]
[PlyCount "59"]
[TimeControl "1800+5"]

1. e4 c5 2. Nf3 Nc6 3. Nc3 g6 4. g3 Bg7 5. Bb5 Nd4 6. Nxd4 cxd4 7. Nd5 e6
8. Nb4 Nf6 9. e5 Ne4 10. d3 Nc5 11. O-O O-O 12. Re1 a6 13. Bc4 a5 14. Nd5
exd5 15. Bxd5 Bxe5 16. Rxe5 Re8 17. Bxf7+ Kxf7 18. Rxc5 b6 19. Qf3+ Kg8 20.
Qd5+ Kf8 21. Bh6+ Ke7 22. Qe5+ Kf7 23. Qg7+ Ke6 24. Re5+ Kd6 25. Rxe8 Qxe8
26. Bf4+ Kc6 27. Qf6+ Kb5 28. c4+ Ka6 29. Bc7 Qf8 30. Qxb6# { Black
checkmated } 1-0

[Event "ICC tourney 2357 (30 5)"]
[Site "Internet Chess Club"]
[Date "2021.01.30"]
[Round "5"]
[White "chessfish98"]
[Black "Hermione18"]
[Result "0-1"]
[ICCResult "White checkmated"]
[WhiteElo "812"]
[BlackElo "472"]
[Opening "Three knights game"]
[ECO "C46"]
[NIC "KP.06"]
[Time "18:03:29"]
[PlyCount "56"]
[TimeControl "1800+5"]

1. e4 e5 2. Nc3 Nc6 3. Nf3 Bc5 4. Bc4 d6 5. h3 Nf6 6. d3 h6 7. O-O O-O 8.
a3 a5 9. Bd2 Nd4 10. Be3 Qe7 11. Bxd4 Bxd4 12. Nxd4 exd4 13. Nd5 Nxd5 14.
exd5 Qg5 15. Qf3 Re8 16. Bb5 Re7 17. c3 dxc3 18. bxc3 Re5 19. d4 Rxd5 20.
Bc4 Rf5 21. Qe4 d5 22. Qe8+ Kh7 23. Bd3 a4 24. Bxf5+ Bxf5 25. Qxa8 Bxh3 26.
g3 Qg4 27. f3 Qxg3+ 28. Kh1 Qg2# { White checkmated } 0-1

[Event "ICC tourney 2357 (30 5)"]
[Site "Internet Chess Club"]
[Date "2021.01.30"]
[Round "5"]
[White "ZoeQ300"]
[Black "LeniBps116"]
[Result "1-0"]
[ICCResult "Black checkmated"]
[WhiteElo "560"]
[BlackElo "262"]
[Opening "Giuoco Piano"]
[ECO "C50"]
[NIC "IG.02"]
[Time "18:03:44"]
[PlyCount "43"]
[TimeControl "1800+5"]

1. e4 e5 2. Nf3 Nc6 3. Bc4 Bc5 4. d4 exd4 5. e5 Nge7 6. Nfd2 O-O 7. O-O Nf5
8. Qg4 d6 9. Bd3 dxe5 10. Ne4 Bb4 11. Ng3 Nxg3 12. Qxg3 Be6 13. Qf3 Ne7 14.
Qe4 Ng6 15. a3 Ba5 16. b4 Bb6 17. Nd2 c6 18. Nf3 Bd5 19. Qg4 Bc7 20. Ng5
Bd6 21. Qh5 Be7 22. Qxh7# { Black checkmated } 1-0

[Event "ICC tourney 2357 (30 5)"]
[Site "Internet Chess Club"]
[Date "2021.01.30"]
[Round "5"]
[White "LionsMarkR"]
[Black "SAjenelleH3"]
[Result "1-0"]
[ICCResult "Black resigns"]
[WhiteElo "681"]
[BlackElo "772"]
[Opening "Petrov: Italian variation"]
[ECO "C42"]
[NIC "RG.01"]
[Time "18:03:51"]
[PlyCount "57"]
[TimeControl "1800+5"]

1. e4 e5 2. Nf3 Nf6 3. Bc4 Bc5 4. Nxe5 O-O 5. O-O Nc6 6. Nxc6 dxc6 7. Nc3
Ng4 8. d3 Qh4 9. h3 Bxf2+ 10. Rxf2 Nxf2 11. Qf3 b5 12. Bb3 Be6 13. Qxf2
Qxf2+ 14. Kxf2 Bxb3 15. axb3 f5 16. Kg1 fxe4 17. Nxe4 a5 18. Bd2 a4 19.
bxa4 bxa4 20. Nc5 Ra5 21. Bxa5 Rf5 22. d4 Rf4 23. Rxa4 Rf6 24. Bxc7 Rf7 25.
Ra8+ Rf8 26. Rxf8+ Kxf8 27. b4 Ke7 28. d5 cxd5 29. b5 { Black resigns } 1-0

[Event "ICC tourney 2357 (30 5)"]
[Site "Internet Chess Club"]
[Date "2021.01.30"]
[Round "5"]
[White "Melech14"]
[Black "nithin0628"]
[Result "0-1"]
[ICCResult "White checkmated"]
[WhiteElo "498"]
[BlackElo "818"]
[Opening "French: advance, Steinitz variation"]
[ECO "C02"]
[NIC "FR.03"]
[Time "18:03:47"]
[PlyCount "108"]
[TimeControl "1800+5"]

1. e4 e6 2. d4 d5 3. e5 c5 4. dxc5 Bxc5 5. Nf3 Nc6 6. Nc3 Qa5 7. Bd2 Qc7 8.
Bd3 Nxe5 9. Nxe5 Qxe5+ 10. Be2 Nf6 11. O-O Bd6 12. g3 Bc5 13. Bf4 Qf5 14.
Bd3 Ne4 15. Re1 Qf6 16. Nxe4 dxe4 17. Bxe4 Qd4 18. Qxd4 Bxd4 19. Rad1 Bxb2
20. Re2 O-O 21. Rd3 b6 22. Bxa8 Ba6 23. Rdd2 Bxe2 24. Rxe2 Rxa8 25. Kg2 h6
26. h4 Rc8 27. g4 Rc4 28. Be3 Rxg4+ 29. Kh3 h5 30. f3 Ra4 31. Rg2 Rxa2 32.
Bh6 g6 33. Kg3 Be5+ 34. f4 Ra3+ 35. Kf2 Bd4+ 36. Ke2 Re3+ 37. Kd2 Kh7 38.
Bg5 Ra3 39. c4 f6 40. Bxf6 Bxf6 41. Kc2 Ra2+ 42. Kb3 Rxg2 43. Kb4 Bxh4 44.
Kb5 Bg3 45. Ka6 h4 46. Kxa7 h3 47. Kxb6 h2 48. c5 h1=Q 49. c6 Rc2 50. c7
Bxf4 51. Ka6 Qa8+ 52. Kb6 Bxc7+ 53. Kb5 Qb7+ 54. Ka4 Ra2# { White
checkmated } 0-1

[Event "ICC tourney 2357 (30 5)"]
[Site "Internet Chess Club"]
[Date "2021.01.30"]
[Round "5"]
[White "SABXMSJoel"]
[Black "Tezzy1028"]
[Result "0-1"]
[ICCResult "White checkmated"]
[WhiteElo "804"]
[BlackElo "540"]
[Opening "Giuoco Piano: four knights variation"]
[ECO "C47"]
[NIC "KP.06"]
[Time "18:03:36"]
[PlyCount "76"]
[TimeControl "1800+5"]

1. e4 e5 2. Nf3 Nc6 3. Nc3 Nf6 4. Bc4 Bc5 5. O-O O-O 6. d3 d6 7. Bg5 Bg4 8.
Nd5 Nd4 9. Nxf6+ gxf6 10. Bh6 Re8 11. h3 Nxf3+ 12. gxf3 Bxh3 13. Re1 Bb4
14. c3 Bc5 15. Kh2 Be6 16. Rg1+ Kh8 17. Rg8+ Rxg8 18. Be3 Bd7 19. Bxf7 Rg7
20. Bc4 Qe7 21. Bxc5 dxc5 22. f4 exf4 23. Qh5 Rg5 24. Qh4 Rg4 25. Qh5 Rg5
26. Qh4 a6 27. Rg1 Rxg1 28. Kxg1 b5 29. Bd5 c6 30. Bb3 c4 31. dxc4 bxc4 32.
Bxc4 Qxe4 33. Bf1 Rg8+ 34. Kh2 Qe5 35. Bh3 Bxh3 36. Qxh3 f3+ 37. Kh1 Qe1+
38. Kh2 Qg1# { White checkmated } 0-1

[Event "ICC tourney 2357 (30 5)"]
[Site "Internet Chess Club"]
[Date "2021.01.30"]
[Round "5"]
[White "grandmasted"]
[Black "Samirarycs"]
[Result "1-0"]
[ICCResult "Black checkmated"]
[WhiteElo "827"]
[BlackElo "560"]
[Opening "QGA: 3.e4"]
[ECO "D20"]
[NIC "QG.04"]
[Time "18:04:18"]
[PlyCount "47"]
[TimeControl "1800+5"]

1. d4 d5 2. c4 dxc4 3. e4 Nc6 4. Nf3 Nf6 5. Nc3 Bg4 6. Be3 e6 7. Bxc4 Na5
8. Be2 Bb4 9. h3 Bh5 10. a3 Bxc3+ 11. bxc3 Qd6 12. e5 Qc6 13. exf6 Qxc3+
14. Bd2 Qb2 15. Bxa5 g6 16. g4 Bxg4 17. hxg4 O-O 18. Bxc7 Qb4+ 19. axb4
Rac8 20. Be5 Rc3 21. Qd2 Rb3 22. Qh6 Rb1+ 23. Rxb1 Kh8 24. Qxh7# { Black
checkmated } 1-0

[Event "ICC tourney 2357 (30 5)"]
[Site "Internet Chess Club"]
[Date "2021.01.30"]
[Round "5"]
[White "RJMagnus"]
[Black "Prezelton"]
[Result "1-0"]
[ICCResult "Black checkmated"]
[WhiteElo "464"]
[BlackElo "709"]
[Opening "QGD: 3...Nf6"]
[ECO "D35"]
[NIC "QO.16"]
[Time "18:03:47"]
[PlyCount "61"]
[TimeControl "1800+5"]

1. d4 d5 2. c4 e6 3. Nc3 Nf6 4. e3 Nc6 5. Bd3 Bb4 6. cxd5 Nxd5 7. Qc2 b6 8.
Nf3 Bb7 9. O-O Nxc3 10. bxc3 Bd6 11. e4 e5 12. dxe5 Nxe5 13. Nxe5 Bxe5 14.
Rd1 Qf6 15. Bb5+ Kf8 16. Rd7 Bxc3 17. Ba3+ Kg8 18. Rad1 g6 19. R1d3 Bxe4
20. Rxc7 Bxd3 21. Qxd3 Kg7 22. Rxc3 Rad8 23. Qe2 Qxc3 24. Bb2 Qxb2 25.
Qxb2+ Kh6 26. h3 Rd6 27. Qxh8 Rd2 28. Qf8+ Kg5 29. Qxf7 h5 30. g3 a5 31.
Qf4# { Black checkmated } 1-0

[Event "ICC tourney 2357 (30 5)"]
[Site "Internet Chess Club"]
[Date "2021.01.30"]
[Round "5"]
[White "Savethegoats"]
[Black "PlanetAntMan"]
[Result "0-1"]
[ICCResult "White checkmated"]
[WhiteElo "290"]
[BlackElo "756"]
[Opening "Four knights: Spanish variation"]
[ECO "C48"]
[NIC "KP.03"]
[Time "18:03:55"]
[PlyCount "58"]
[TimeControl "1800+5"]

1. e4 e5 2. Nf3 Nc6 3. Nc3 Nf6 4. Bb5 a6 5. Bc4 Bb4 6. a3 Ba5 7. O-O O-O 8.
d3 d6 9. Bg5 Bg4 10. Bxf6 Qxf6 11. Qd2 Bxf3 12. gxf3 Qg6+ 13. Kh1 Qf6 14.
Nd5 Qxf3+ 15. Kg1 Bxd2 16. Ne7+ Nxe7 17. Rfd1 Bh6 18. d4 exd4 19. Rd3 Qg4+
20. Rg3 Qxe4 21. Bd3 Qe5 22. Kf1 Nf5 23. Re1 Nxg3+ 24. fxg3 Qf6+ 25. Ke2
Rae8+ 26. Kd1 Rxe1+ 27. Kxe1 Re8+ 28. Kd1 Qf3+ 29. Be2 Qxe2# { White
checkmated } 0-1

[Event "ICC tourney 2357 (30 5)"]
[Site "Internet Chess Club"]
[Date "2021.01.30"]
[Round "5"]
[White "Flames2501"]
[Black "connorp9"]
[Result "1-0"]
[ICCResult "Black checkmated"]
[WhiteElo "696"]
[BlackElo "866"]
[Opening "Scotch game"]
[ECO "C45"]
[NIC "SO.05"]
[Time "18:03:45"]
[PlyCount "129"]
[TimeControl "1800+5"]

1. e4 e5 2. d4 Nc6 3. Nf3 exd4 4. Nxd4 Bc5 5. Nxc6 dxc6 6. Nc3 Qxd1+ 7.
Nxd1 Bg4 8. f3 Be6 9. Bd2 Nf6 10. Nc3 O-O 11. O-O-O Bd4 12. h3 Bxc3 13.
Bxc3 Bxa2 14. e5 Nd5 15. g4 Nxc3 16. bxc3 Be6 17. Bd3 a5 18. Kb2 a4 19. f4
a3+ 20. Ka1 b5 21. f5 Bd5 22. Rhe1 Rfb8 23. f6 b4 24. cxb4 Rxb4 25. Rb1
Rxb1+ 26. Kxb1 a2+ 27. Ka1 gxf6 28. exf6 Bg2 29. h4 Bf3 30. g5 Kh8 31. Bc4
h6 32. gxh6 Kh7 33. Bxa2 Kxh6 34. Re7 Kg6 35. Rxc7 Kxf6 36. Rxf7+ Kg6 37.
Rxf3 Kh5 38. Rf6 Kxh4 39. Rxc6 Kg4 40. Re6 Kf5 41. Re1 Rc8 42. Rc1 Ke4 43.
c3 Kd3 44. c4 Kd2 45. Kb2 Rb8+ 46. Bb3 Kd3 47. c5 Rc8 48. c6 Rc7 49. Ka3
Kd2 50. Rc5 Kd3 51. Ka4 Kd4 52. Rc1 Ke5 53. Kb5 Kd6 54. Kb6 Rc8 55. c7 Kd7
56. Kb7 Kd6 57. Kxc8 Ke7 58. Kb8 Kd7 59. c8=Q+ Kd6 60. Rd1+ Ke7 61. Qc2 Kf6
62. Qe2 Kg7 63. Rf1 Kg6 64. Qg2+ Kh5 65. Rh1# { Black checkmated } 1-0